 Dungeon Crawl Stone Soup version 0.30-a0-331-g8ab09dc110 (webtiles) character file.

Game seed: 16468884119376518126

157 oldriver the Magician (level 5, 0/38 HPs)
             Began as a Human Hedge Wizard on Oct 29, 2022.
             Slain by a gnoll bouda
             ... wielding a +0 club
              (6 damage)
             ... on level 4 of the Dungeon.
             The game lasted 00:07:58 (4634 turns).

oldriver the Magician (Human Hedge Wizard)          Turns: 4634, Time: 00:07:58

Health: 0/38       AC:  4    Str: 10    XL:     5   Next: 66%
Magic:  4/10       EV: 12    Int: 17    God:
Gold:   156        SH:  0    Dex: 12    Spells: 4/11 levels left

rFire   + . .      SeeInvis .    f - staff of conjuration
rCold   . . .      Faith    .    (no shield)
rNeg    . . .      Spirit   .    b - +0 robe
rPois   .          Reflect  .    r - +0 helmet
rElec   .          Harm     .    l - +0 cloak
rCorr   .          Rampage  .    (no gloves)
Will    .....                    (no boots)
Stlth   ++........               (no amulet)
HPRegen 0.26/turn                h - ring of protection from fire
MPRegen 0.12/turn                (no ring)

@: weakened, very slightly contaminated
A: no striking features
a: no special abilities


You were on level 4 of the Dungeon.
You visited 1 branch of the dungeon, and saw 4 of its levels.

You collected 156 gold pieces.

Inventory:

Hand Weapons
 a - a +0 dagger
Armour
 b - a +0 robe (worn)
 l - a +0 cloak (worn)
 r - a +0 helmet (worn)
 t - a +2 ring mail of fire resistance
Magical Staves
 f - a staff of conjuration (weapon)
Jewellery
 c - an amulet of faith
 h - a ring of protection from fire (left hand)
Wands
 d - a wand of iceblast (11)
Scrolls
 g - a scroll of fog
 i - 4 scrolls of identify
Potions
 e - 2 potions of cancellation
 j - a potion of heal wounds {unknown}
 k - a potion of haste {unknown}
 m - 3 potions of ambrosia
 n - 3 potions of degeneration {unknown}
 p - a potion of lignification {unknown}
 q - 2 potions of curing {unknown}
 s - a potion of invisibility {unknown}


   Skills:
 + Level 2.2 Fighting
 - Level 2.0 Dodging
 - Level 2.0 Stealth
 * Level 3.9 Spellcasting
 + Level 2.3 Conjurations
 + Level 2.5 Summonings
 - Level 1.0 Translocations


You had 4 spell levels left.
You knew the following spells:

 Your Spells              Type           Power      Damage    Failure   Level
a - Magic Dart            Conj           64%        1d6       6%          1
b - Call Imp              Summ           12%        N/A       9%          2
c - Blink                 Tloc           12%        N/A       16%         2
d - Slow                  Hex            12%        N/A       16%         1
e - Shock                 Conj/Air       40%        1d5       10%         1

Your spell library contained the following spells:

 Spells                   Type           Power      Damage    Failure   Level
 Cigotuvi's Dreadful Rot  Necr/Pois/Air  6%         N/A       24%         2
 Mephitic Cloud           Conj/Pois/Air  8%         N/A       34%         3
 Swiftness                Air            3%         N/A       43%         3
 Airstrike                Air            1%         2d(1-17)  85%         4


Dungeon Overview and Level Annotations

Branches:
Dungeon (4/15)
 Temple: D:4-7

Altars:
Dithmenos
Zin
The Shining One


Message History

Casting: Shock (safe; 10% risk of failure)
Confirm with . or Enter, or press ? or * to list all spells.
Aiming: Shock (safe; 10% risk of failure)
Press: ? - help, Shift-Dir - straight line You feel a surge of power!
The zap misses the gnoll bouda.
The zap hits the gnoll.
The gnoll is almost dead.
The zap misses the gnoll.
The zap hits the gnoll bouda but does no damage.
The gnoll bouda is heavily wounded.
The gnoll bouda hits you but does no damage.
Casting: Shock (safe; 10% risk of failure)
Confirm with . or Enter, or press ? or * to list all spells.
Aiming: Shock (safe; 10% risk of failure)
Press: ? - help, Shift-Dir - straight line You feel a surge of power!
The zap misses the gnoll bouda.
The zap hits the gnoll.
You kill the gnoll!
The zap hits the gnoll bouda.
The gnoll bouda is heavily wounded.
The gnoll bouda closely misses you.
Casting: Shock (safe; 10% risk of failure)
Confirm with . or Enter, or press ? or * to list all spells.
Aiming: Shock (safe; 10% risk of failure)
Press: ? - help, Shift-Dir - straight line You feel a surge of power!
The zap hits the gnoll bouda.
The gnoll bouda is severely wounded.
The zap misses the gnoll bouda.
The gnoll bouda hits you with a +0 club.
* * * LOW HITPOINT WARNING * * *
Casting: Shock (safe; 10% risk of failure)
Confirm with . or Enter, or press ? or * to list all spells.
Aiming: Shock (safe; 10% risk of failure)
Press: ? - help, Shift-Dir - straight line You feel a surge of power!
The zap hits the gnoll bouda.
The gnoll bouda is severely wounded.
The zap hits the gnoll bouda but does no damage.
The gnoll bouda is severely wounded.
The gnoll bouda hits you with a +0 club.
You die...

#.# ###...# #.# #.... #.#
##... ##.## ##..
#######...#### #..
#......._......#..
#)#####...####.#.. #g#
##.## #.... #@# #.# ##...
#.# #.# #.... ##.# #.#
###.... #..# ##.###......
####.## ###..##).)....
###....####.............
##.......................
##........................
#.........................


You could see a gnoll bouda.

Vanquished Creatures
  Ijyb (D:3)
  6 gnolls (D:4)
  A dart slug (D:4)
  An orc (D:4)
  6 ball pythons
  6 endoplasms
  2 giant cockroaches
  10 goblins
  5 hobgoblins (D:1)
  4 quokkas
  4 bats
  4 frilled lizards
  3 kobolds
  4 rats
57 creatures vanquished.

Vanquished Creatures (collateral kills)
  2 worms
  A dart slug (D:3)
  A goblin (D:3)
4 creatures vanquished.

Grand Total: 61 creatures vanquished

Notes
Turn   | Place    | Note
-------+----------+-------------------------------------------
     0 | D:1      | oldriver the Human Hedge Wizard began the quest for the
                  | Orb.
     0 | D:1      | Reached XP level 1. HP: 13/13 MP: 4/4
   325 | D:1      | Reached XP level 2. HP: 17/20 MP: 0/6
   961 | D:1      | Reached skill level 1 in Fighting
  1135 | D:1      | Reached XP level 3. HP: 26/26 MP: 5/7
  1428 | D:1      | Learned a level 2 spell: Call Imp
  1431 | D:1      | Learned a level 2 spell: Blink
  1433 | D:1      | Learned a level 1 spell: Slow
  2712 | D:3      | Found a shadowy altar of Dithmenos.
  3020 | D:3      | Reached XP level 4. HP: 32/32 MP: 7/9
  3214 | D:3      | Learned a level 1 spell: Shock
  3381 | D:3      | Found a faded altar of an unknown god.
  3595 | D:3      | Noticed Ijyb
  3878 | D:3      | Killed Ijyb
  4279 | D:4      | Found a glowing golden altar of the Shining One.
  4343 | D:4      | Reached XP level 5. HP: 38/38 MP: 5/10
  4558 | D:4      | Found a glowing silver altar of Zin.
  4634 | D:4      | Slain by a gnoll bouda

Illustrated notes

Levels and vault maps discovered:
D:1:      dpeg_arrival_yet_another_circle, layout_loops_ring,
          minmay_misc_feat_five, minmay_door_square, minmay_hexomino_f4
D:2:      layout_loops_ring
D:3:      kennysheep_the_goblin_king, layout_basic,
          mainiacjoe_overflow_small_starburst,
          hellmonk_ecumenical_altar_heavens_door, minmay_crystal_water
D:4:      layout_layer_cave, tso_altar, nicolae_overflow_crystal_walls,
          lemuel_temple_firewalk_a, enter_ossuary_5,
          chequers_serial_rivers_large_b

Skill      XL: |  1  2  3  4  5 |
---------------+----------------+-----
Fighting       | 1 2 |  2.2
Summonings     | 2 |  2.5
Conjurations   | 2 |  2.3
Dodging        | |  2.0
Stealth        | |  2.0
Spellcasting   | |  3.9
Translocations | |  1.0

Action                   |  1- 3 |  4- 6 || total
-------------------------+-------+-------++-------
Melee: Dagger            |     5 |       ||     5
       Staff             |    33 |     5 ||    38
 Cast: Magic Dart        |   106 |    66 ||   172
       Call Imp          |     3 |     7 ||    10
       Shock             |       |    19 ||    19
  Use: Scroll            |       |     5 ||     5
       Potion            |       |     2 ||     2
Armor: Robe              |    12 |     9 ||    21
Dodge: Dodged            |    37 |    41 ||    78

Table legend: (Time is in decaauts)
 A = Elapsed time spent in this place.
 B = Non-inter-level travel time spent in this place.
 C = Inter-level travel time spent in this place.
 D = Time resting spent in this place.
 E = Time spent auto-exploring this place.
 F = Levels seen in this place.
 G = Mean time per level.
                   A        B        C        D        E       F      G
               +--------+--------+--------+--------+--------+-----+--------+
         Total |   4642 |   4411 |    231 |    623 |   2883 |   4 | 1160.5 |
       Dungeon |   4642 |   4411 |    231 |    623 |   2883 |   4 | 1160.5 |
               +--------+--------+--------+--------+--------+-----+--------+

Top non-repeatable levels by time:
     D:3: 1495 daAuts
     D:1: 1462 daAuts
     D:2: 1279 daAuts
     D:4: 405 daAuts
